 Dungeon Sprint DCSS version 0.30-a0-964-gd452b5e7fa (webtiles) character file.

Game seed: 243869734478604453

2739 dialectric the Imperceptible (level 9, -17/49 HPs)
             Began as a Spriggan Brigand on Mar 30, 2023.
             Was a Follower of Dithmenos.
             Killed from afar by a lindwurm (27 damage)
             ... with a blast of flame
             ... summoned by Kirke
             ... in the Dungeon (Sprint II: "The Violet Keep of Menkaure").
             The game lasted 00:04:57 (570 turns).

dialectric the Imperceptible (Spriggan Brigand)      Turns: 570, Time: 00:04:58

Health: -17/49     AC:  3    Str:  7    XL:     9   Next: 40%
Magic:  10/10      EV: 30    Int: 12    God:    Dithmenos [*.....]
Gold:   627        SH:  0    Dex: 21    Spells: 8/8 levels left

rFire   . . .      SeeInvis +    a - +2 dagger
rCold   . . .      Faith    .    (no shield)
rNeg    . . .      Spirit   .    b - +0 robe
rPois   .          Reflect  .    (helmet restricted)
rElec   .          Rampage  .    c - +0 cloak
rCorr   .          NoTele   +    (gloves unavailable)
Will    +....                    (boots unavailable) Stlth *+++++++++
                                 n - amulet of regeneration
HPRegen 1.08/turn                w - +5 ring of evasion
MPRegen 0.12/turn                (no ring)

@: wreathed by umbra, very quick
A: very small, no large weapons, unfitting armour, see invisible, speed 3
a: Renounce Religion


You were in the Dungeon.
You worshipped Dithmenos.
Dithmenos was aware of your devotion.
You visited 1 branch You collected 1131 gold pieces.
You spent 504 gold pieces at shops.

Inventory:

Hand Weapons
 a - a +2 dagger (weapon)
Missiles
 d - 10 poisoned darts (quivered)
Armour
 b - a +0 robe (worn)
 c - a +0 cloak (worn)
Jewellery
 e - a +5 ring of evasion
 n - an amulet of regeneration (around neck)
 w - a +5 ring of evasion (left hand)
 x - a ring of fire
Scrolls
 f - 11 scrolls of identify {unknown}
 k - a scroll of blinking
 l - a scroll of immolation {unknown}
 m - a scroll of amnesia {unknown}
 q - a scroll of enchant armour {unknown}
 r - a scroll of torment {unknown}
 y - a scroll of acquirement {unknown}
Potions
 g - a potion of heal wounds
 h - 4 potions of haste
 i - 5 potions of magic
 j - 3 potions of resistance {unknown}
 o - 3 potions of curing
 p - a potion of invisibility {unknown}
 s - a potion of ambrosia {unknown}
 t - 3 potions of flight
 u - a potion of lignification {unknown}
 v - a potion of might {unknown}


   Skills:
 + Level 6.5 Fighting
 + Level 10.6 Short Blades
 - Level 2.0 Throwing
 + Level 9.5 Dodging
 + Level 24.9 Stealth


You had 8 spell levels left.
You didn't know any spells.
Your spell library contained the following spells:

 Spells                   Type           Power      Damage    Failure   Level
 Magic Dart               Conj           0%         1d3       32%         1
 Call Imp                 Summ           0%         N/A       45%         2
 Mephitic Cloud           Conj/Pois/Air  0%         N/A       69%         3
 Yara's Violent Unravell  Hex/Tmut       0%         3d3       100%        5
 Enfeeble                 Hex            0%         N/A       100%        7


Dungeon Overview and Level Annotations

Branches:
Dungeon (1/1)

Altars:
Cheibriados
Dithmenos
Elyvilon
Fedhas
Gozag
Hepliaklqana
Kikubaaqudgha
Makhleb
Nemelex Xobeh
Okawaru
Qazlal
Ru
Sif Muna
Trog
Uskayaw
Vehumet
Wu Jian
Xom
Yredelemnul
Zin
The Shining One
Jiyva
Lugonu

Shops:
D [::=(!=![:=*?[:

Annotations:
D exclusion: oklob plant, Kirke


Innate Abilities, Weirdness & Mutations

You are very small and have problems with some larger weapons.
You are too small for most types of armour.
You have supernaturally acute eyesight. (SInv)
You cover ground extremely quickly. (Speed+++)


Message History

You closely miss Kirke.
Kirke is heavily wounded.
You puncture Kirke!
Kirke is severely wounded.
Kirke closely misses you.
You hit Kirke.
Kirke is severely wounded.
You hit Kirke.
Kirke is severely wounded.
Kirke gestures wildly while chanting.
Kirke summons a lindwurm!
You closely miss Kirke.
Kirke is severely wounded.
You hit Kirke.
Kirke is severely wounded.
The lindwurm bites you! The lindwurm completely misses you. x2
You hit Kirke.
Kirke is severely wounded.
Kirke closely misses you.
You hit Kirke. You punch Kirke, but do no damage.
Kirke is almost dead.
The lindwurm closely misses you. The lindwurm completely misses you. x2
You hit Kirke.
Kirke is almost dead.
Kirke is no longer moving slowly.
You hit Kirke.
Kirke is almost dead.
Kirke hits you! The lindwurm misses you. The lindwurm completely misses you.
The lindwurm closely misses you.
You hit Kirke.
Kirke is almost dead.
Unknown command.
You barely miss Kirke.
Kirke is almost dead.
Kirke hits you!
* * * LOW HITPOINT WARNING * * *
The lindwurm breathes flames at you. The blast of flame hits you!!
Ouch! That really hurt!
You die...

##########~~#○§°#+++## #
#########~~@..°......# #
.∩.∩...h#~~~~○##'##..# #. k#
..∩.∩...#~~~~##.#.##.#### +^##.#
...∩.∩..#~~~~#..#..#....# ...##
....∩(⌠.#~~####.#.####..## #..##
...∩.∩..#~##.###'###.##..# +..#.
..∩.∩...#~##..##.####.#..# #..#.
.∩.∩....+~'.##'.@@HH##+..####..##
∩.......#~##..##k##...#....###...
▓▓▓▓▓▓###~##.###'###.##......c~(~
[$s######~~####...####~~...§.~#'#
?s$#h$ ##~~~#..#).#~~~~~§~.§~#..
∩P"+hh#+ #'#~##...##~~~~~~§§§~#._
$[!#)##≈ #?#~~##+##~~~≈≈≈~~~~~#_.
$Y$###≈≈ ### ~~~ ~~~~~~§≈≈§~~~#._
#+###§≈S +++#+++#~§≈§§≈§§§#_.


You could see Kirke (poisoned), 2 manticores and a lindwurm (summoned, catching
breath).

Vanquished Creatures
  2 boulder beetles (D)
  A merfolk siren (D)
  A kobold demonologist (D)
  2 polar bears (D)
  A vampire mosquito (D)
  2 water moccasins (D)
  4 scorpions (D)
  3 worms (D)
16 creatures vanquished.

Vanquished Creatures (others)
  Menkaure (D)
  4 tentacles (D)
5 creatures vanquished.

Grand Total: 21 creatures vanquished

Notes
Turn   | Place    | Note
-------+----------+-------------------------------------------
     0 | D        | dialectric the Spriggan Brigand began the quest for the
                  | Orb.
     0 | D        | Reached XP level 1. HP: 10/10 MP: 2/2
     1 | D        | Noticed a scorpion
     1 | D        | Noticed a scorpion
     1 | D        | Noticed a scorpion
     1 | D        | Noticed a scorpion
     7 | D        | Killed a scorpion
     8 | D        | Reached skill level 11 in Stealth
     8 | D        | Reached XP level 2. HP: 16/16 MP: 3/3
     8 | D        | Reached XP level 3. HP: 19/19 MP: 4/4
    11 | D        | Killed a scorpion
    12 | D        | Reached skill level 13 in Stealth
    12 | D        | Reached XP level 4. HP: 23/23 MP: 5/5
    17 | D        | Killed a scorpion
    18 | D        | Reached skill level 14 in Stealth
    18 | D        | Reached XP level 5. HP: 28/28 MP: 6/6
    25 | D        | Reached skill level 5 in Short Blades
    25 | D        | Reached skill level 15 in Stealth
    50 | D        | Noticed a merfolk siren
    54 | D        | Killed a merfolk siren
    55 | D        | Reached skill level 18 in Stealth
    55 | D        | Reached XP level 6. HP: 34/34 MP: 7/7
    55 | D        | Reached XP level 7. HP: 38/38 MP: 8/8
    60 | D        | Killed Menkaure
    93 | D        | Noticed a boulder beetle
    93 | D        | Noticed a boulder beetle
    96 | D        | Killed a boulder beetle
    97 | D        | Reached skill level 5 in Fighting
    97 | D        | Reached skill level 21 in Stealth
    97 | D        | Reached XP level 8. HP: 43/43 MP: 9/9
    99 | D        | Killed a boulder beetle
   100 | D        | Reached skill level 23 in Stealth
   118 | D        | Found a stormy altar of Qazlal.
   119 | D        | Found a hazy altar of Hepliaklqana.
   119 | D        | Found a sacrificial altar of Ru.
   119 | D        | Found an ornate altar of the Wu Jian Council.
   120 | D        | Found a viscous altar of Jiyva.
   120 | D        | Found a shimmering blue altar of Sif Muna.
   121 | D        | Found a snail-covered altar of Cheibriados.
   121 | D        | Found an ancient bone altar of Kikubaaqudgha.
   121 | D        | Found a shimmering altar of Xom.
   121 | D        | Found a bloodstained altar of Trog.
   122 | D        | Found a shadowy altar of Dithmenos.
   122 | D        | Found a corrupted altar of Lugonu.
   123 | D        | Found a white marble altar of Elyvilon.
   123 | D        | Found a burning altar of Makhleb.
   124 | D        | Found a blossoming altar of Fedhas.
   126 | D        | Found an opulent altar of Gozag.
   126 | D        | Found a glowing golden altar of the Shining One.
   126 | D        | Found a basalt altar of Yredelemnul.
   126 | D        | Found a hide-covered altar of Uskayaw.
   126 | D        | Found a sparkling altar of Nemelex Xobeh.
   154 | D        | Found a glowing silver altar of Zin.
   154 | D        | Found a radiant altar of Vehumet.
   154 | D        | Found an iron altar of Okawaru.
   158 | D        | Became a worshipper of Dithmenos the Shadowed
   170 | D        | Noticed a kraken
   302 | D        | Noticed a yaktaur
   302 | D        | Noticed a hornet
   302 | D        | Noticed a polar bear
   303 | D        | Noticed a polar bear
   303 | D        | Noticed a polar bear
   304 | D        | Killed a polar bear
   305 | D        | Reached skill level 10 in Short Blades
   305 | D        | Reached XP level 9. HP: 48/48 MP: 10/10
   346 | D        | Found Gutiedi's Magic Scroll Emporium.
   346 | D        | Found Noujoy's Book Emporium.
   346 | D        | Found Fotoer's Assorted Antiques.
   346 | D        | Found Fueken's Armour Shoppe.
   346 | D        | Found Guyqel's Jewellery Emporium.
   347 | D        | Found Enyl's Antique Armour Shoppe.
   347 | D        | Found Zoot Rip's Distillery.
   347 | D        | Found Naysko's Jewellery Shoppe.
   349 | D        | Killed a polar bear
   350 | D        | Reached skill level 24 in Stealth
   350 | D        | Found Luwkacw's Distillery.
   350 | D        | Found Rawimuuv's Antique Weapon Shoppe.
   352 | D        | Found Woiniy's Book Emporium.
   366 | D        | Found Wuixyr's Jewellery Shoppe.
   366 | D        | Found Byock's Book Emporium.
   366 | D        | Noticed an oklob plant
   367 | D        | Found Fofu's Antique Armour Shoppe.
   367 | D        | Found Baucits's Book Shoppe.
   381 | D        | Reached * piety under Dithmenos
   389 | D        | Noticed a death yak
   396 | D        | Bought a potion of flight for 36 gold pieces
   431 | D        | Bought a +5 ring of evasion for 468 gold pieces
   471 | D        | Noticed an elephant
   471 | D        | Noticed a centaur warrior
   471 | D        | Noticed Kirke
   471 | D        | Noticed a yaktaur captain
   471 | D        | Noticed a skeletal warrior
   471 | D        | Noticed a kobold demonologist
   473 | D        | Killed a kobold demonologist
   528 | D        | Noticed a manticore
   540 | D        | Noticed a manticore
   563 | D        | Noticed a lindwurm
   570 | D        | Killed from afar by a lindwurm

Illustrated notes

Levels and vault maps discovered:
D:        the_violet_keep_of_menkaure [sprint2_stairs_cluster_1,
          sprint2_shoproom, sprint2_temple, sprint2_basic_supplies,
          sprint2_obstacle_3, sprint2_obstacle_6, sprint2_obstacle_5,
          sprint2_obstacle_7, sprint2_obstacle_1, sprint2_timed_cluster_1,
          sprint2_smallroom_cluster_1, sprint2_smallroom_final_cluster_1,
          sprint2_transparent_cluster_1, sprint2_second_timed_cluster_1,
          sprint2_sniper_area_1, sprint2_heavy_combat_area_1,
          sprint2_mutation_trap_area_1, sprint2_forest_area_1,
          sprint2_light_combat_area_1, sprint2_behind_water_1,
          sprint2_near_end_vault_1]

Skill      XL: |  1  2  3  4  5  6  7  8  9 |
---------------+----------------------------+-----
Fighting       | 2 3 4 5 6 |  6.5
Short Blades   | 3 4 7 8 10 | 10.6
Dodging        | 2 3 4 6 7 8 9 |  9.5
Stealth        | 11 13 14 18 21 23 24 | 24.9
Throwing       | |  2.0

Action                     |  1- 3 |  4- 6 |  7- 9 || total
---------------------------+-------+-------+-------++-------
  Melee: Dagger            |     7 |    12 |    86 ||   105
         Punch             |       |       |     2 ||     2
  Throw: Dart              |       |       |    27 ||    27
    Use: Potion            |     1 |       |     3 ||     4
         Scroll            |       |       |     1 ||     1
   Stab: Sleeping          |       |     1 |     6 ||     7
 Armour: Robe              |     2 |     1 |     7 ||    10
  Dodge: Dodged            |     6 |     5 |    67 ||    78

Table legend: (Time is in decaauts)
 A = Elapsed time spent in this place.
 B = Non-inter-level travel time spent in this place.
 C = Inter-level travel time spent in this place.
 D = Time resting spent in this place.
 E = Time spent auto-exploring this place.
 F = Levels seen in this place.
 G = Mean time per level.
                   A        B        C        D        E       F      G
               +--------+--------+--------+--------+--------+-----+--------+
         Total |    413 |    413 |      0 |     32 |     17 |   1 |  413.0 |
       Dungeon |    413 |    413 |      0 |     32 |     17 |   1 |  413.0 |
               +--------+--------+--------+--------+--------+-----+--------+

Top non-repeatable levels by time:
       D: 413 daAuts
